 Dungeon Crawl Stone Soup version 0.27.1-34-g3ba077fa99 (webtiles) character file.

Game seed: 13296641429420033003

248 zeram the Chopper (level 6, -5/52 HPs)
             Began as a Hill Orc Fighter on Jan 20, 2022.
             Slain by a two-headed ogre (27 damage)
             ... on level 5 of the Dungeon.
             The game lasted 00:04:19 (4409 turns).

zeram the Chopper (Hill Orc Fighter)                Turns: 4409, Time: 00:04:20

Health: -5/52      AC:  7    Str: 21    XL:     6   Next: 12%
Magic:  6/6        EV:  8    Int:  8    God:
Gold:   183        SH: 10    Dex: 16    Spells: 5/5 levels left

rFire    . . .     SeeInvis .   a - +0 war axe
rCold    . . .     Faith    .   c - +0 kite shield
rNeg     . . .     Spirit   .   b - +0 scale mail
rPois    .         Reflect  .   (no helmet)
rElec    .         Harm     .   (no cloak)
rCorr    .         Rampage  .   (no gloves)
Will     .....                  (no boots)
Stlth    ..........             (no amulet)
HPRegen  0.17/turn              h - ring of wizardry
MPRegen  0.10/turn              j - +6 ring of dexterity

@: studying Shields
A: no striking features
a: no special abilities


You were on level 5 of the Dungeon.
You visited 1 branch of the dungeon, and saw 5 of its levels.

You collected 183 gold pieces.

Inventory:

Hand Weapons
 a - a +0 war axe (weapon)
 e - a +1 whip of venom
Armour
 b - a +0 scale mail (worn)
 c - a +0 kite shield (worn)
Jewellery
 h - a ring of wizardry (left hand)
 j - a +6 ring of dexterity (right hand)
Scrolls
 l - 2 scrolls of teleportation
Potions
 d - a potion of might
 f - a potion of heal wounds {unknown}
 g - a potion of curing
 i - 3 potions of mutation {unknown}
 m - a potion of lignification {unknown}
 n - a potion of degeneration {unknown}


   Skills:
 + Level 4.3 Fighting
 + Level 5.4 Axes
 + Level 4.1 Armour
 + Level 1.1 Dodging
 + Level 5.3 Shields


You had 5 spell levels left.
You didn't know any spells.
Your spell library contained the following spells:

 Spells                   Type           Power      Damage    Failure   Level
 Sandblast                Erth           0%         2d4       82%         1
 Sting                    Tmut/Pois      0%         1d3       82%         1
 Passwall                 Tmut/Erth      0%         N/A       91%         2
 Poisonous Vapours        Pois/Air       0%         N/A       91%         2
 Dazzling Flash           Conj/Hex       0%         N/A       99%         3
 Portal Projectile        Hex/Tloc       0%         N/A       99%         3
 Iskenderun's Mystic Bla  Conj/Tloc      0%         2d3       100%        4
 Olgreb's Toxic Radiance  Pois           0%         N/A       100%        4
 Blade Hands              Tmut           0%         N/A       100%        5
 Excruciating Wounds      Necr           0%         N/A       100%        5
 Lee's Rapid Deconstruct  Erth           0%         3d5*      100%        5
 Starburst                Conj/Fire      0%         6d3       100%        6


Dungeon Overview and Level Annotations

Branches:
Dungeon (5/15)
 Temple: D:4-7

Altars:


Message History

An orc comes into view. It is wielding a +0 trident.
An orc is nearby!
An orc is nearby!
Things that are here:
a +0 dagger; an orc corpse You block the orc's attack.
You block the orc's attack.
You hit the orc.
The orc is severely wounded.
The orc hits you but does no damage. You block the orc's attack.
You slash the orc!
You kill the orc!
No target in view!
No target in view!
An adder skeleton comes into view.
An adder skeleton is nearby!
An adder skeleton is nearby!
An adder skeleton is nearby!
Things that are here:
a +0 mace; a +0 scale mail; an orc corpse You slash the adder skeleton!
You destroy the adder skeleton!
No target in view!
Key pressed, stopping explore.
HP restored.
Things that are here:
a +0 club; an orc skeleton
i - 3 inky potions (gained 1)
A two-headed ogre comes into view.
It is wielding a +0 giant spiked club and a +0 giant club.
The two-headed ogre shouts in stereo!
A two-headed ogre is nearby!
A two-headed ogre is nearby!
A two-headed ogre is nearby!
The two-headed ogre hits you with a +0 giant spiked club!
You block the two-headed ogre's attack.
You hit the two-headed ogre but do no damage.
The two-headed ogre hits you with a +0 giant spiked club!!
The two-headed ogre hits you with a +0 giant club!!
Ouch! That really hurt!
You die...

#.# #..######.
#.#####........
#.######..)).....####.
#.....)...)).....#
####.............#####
#.###.............. #
#.........#.###
#..............
#......@.......
#.....##O...###
#....#. ....... #.#.#
. #.#.### #.#. .#.# .
.. . . ... . ..


You could see a two-headed ogre.

Vanquished Creatures
  An orc priest (D:5)
  An iguana (D:4)
  An orc wizard (D:5)
  5 adders
  3 gnolls (D:3)
  An ufetubus (D:4)
  An adder skeleton (D:5)
  2 worms
  3 dart slugs
  5 orcs
  5 ball pythons
  5 bats
  5 endoplasms
  3 giant cockroaches
  7 goblins
  8 hobgoblins
  3 kobolds (D:1)
  3 quokkas
  2 frilled lizards
  7 rats
71 creatures vanquished.

Notes
Turn   | Place    | Note
-------+----------+-------------------------------------------
     0 | D:1      | zeram the Hill Orc Fighter began the quest for the Orb.
     0 | D:1      | Reached XP level 1. HP: 19/19 MP: 1/1
    53 | D:1      | Reached XP level 2. HP: 18/27 MP: 2/2
   758 | D:1      | Reached XP level 3. HP: 33/33 MP: 3/3
  1114 | D:1      | Identified a scroll of acquirement
  1114 | D:1      | Acquired a manual of Shields
  1609 | D:2      | Reached XP level 4. HP: 40/40 MP: 4/4
  2338 | D:3      | Found a faded altar of an unknown god.
  3089 | D:4      | Reached XP level 5. HP: 30/46 MP: 5/5
  3229 | D:4      | Reached skill level 5 in Axes
  3612 | D:4      | Reached skill level 1 in Dodging
  4157 | D:5      | Entered Level 5 of the Dungeon
  4174 | D:5      | Reached skill level 5 in Shields
  4189 | D:5      | Reached XP level 6. HP: 15/52 MP: 6/6
  4405 | D:5      | Noticed a two-headed ogre
  4409 | D:5      | Slain by a two-headed ogre

Illustrated notes

Levels and vault maps discovered:
D:1:      shiori_arrival_oz, layout_loops_corners
D:2:      layout_basic
D:3:      layout_basic, shapermc_ecumenical_altar_mp_vishouse
D:4:      layout_rooms, hangedman_decor_points, guppyfry_early_lair_pool
D:5:      minmay_opposing_rooms, layout_loops_ring,
          chequers_temple_overflow_statue_of_worship, corexii_corridor_pit,
          minmay_misc_feat_cross, uniq_edmund

Skill      XL: |  1  2  3  4  5 |
---------------+----------------+-----
Shields        | 4 5 |  5.3
Axes           | 3 4 5 |  5.4
Fighting       | 4 |  4.3
Dodging        | 1 |  1.1
Armour         | 4 |  4.1

Action                   |  1- 3 |  4- 6 || total
-------------------------+-------+-------++-------
Melee: War axe           |    99 |   133 ||   232
  Use: Scroll            |     3 |     3 ||     6
Armor: Scale mail        |    45 |    59 ||   104
Dodge: Dodged            |    26 |    52 ||    78
Block: Kite shield       |    55 |   100 ||   155
